Map: Lerilak Crest

Players

xKawaiian - Winner!

  • Race: Terran Terran
  • League: Master

ApocalypseX

  • Race: Zerg Zerg
  • League: Master

VOD

Have the link to the VOD?

Description

Time

  • Played on: Jan. 8, 2016, 12:29 p.m.
  • Length: 6:38
Show
View Real Time Build Order
Export as new Build Order

xKawaiian Terran - Winner!

Build Orders: Reaper Expand 

Get SALT Encoding   

  12  0:00  SCV  
  13  0:12  SCV  
  14  0:17  Supply Depot  
  14  0:24  SCV  
  15  0:39  SCV  
  15  0:40  Barracks  
  16  0:47  Refinery  
  16  0:51  SCV  
  17  1:03  SCV  
  18  1:15  SCV  
  19  1:27  Orbital Command  
  19  1:31  Reaper  
  20  1:39  Command Center  
  20  1:52  Supply Depot  
  20  1:53  SCV  
  21  2:02  Barracks  
  21  2:04  Barracks Reactor  
  21  2:13  SCV  
  22  2:17  Barracks  
  22  2:25  SCV  
  23  2:37  SCV  
  23  2:42  Marine  
  23  2:43  Marine  
  26  2:49  SCV  
  27  2:57  Orbital Command  
  27  2:59  Marine  
  27  3:00  Marine  
  27  3:01  SCV  
  30  3:08  Marine  
  30  3:10  Barracks Tech Lab  
  31  3:13  SCV  
  31  3:17  Marine  
  31  3:18  Marine  
  34  3:21  Factory, Refinery  
  34  3:24  SCV  
  34  3:25  SCV  
  34  3:26  Marine  
  37  3:30  Marine  
  38  3:35  Marine  
  38  3:36  SCV, Marine  
  38  3:38  SCV  
  41  3:41  Stimpack  
  41  3:44  Marine  
  41  3:46  Supply Depot  
  41  3:48  Marine  
  42  3:49  SCV  
  42  3:53  SCV, Marine  
  46  4:05  Supply Depot  
  46  4:06  Factory Reactor, Starport  
  46  4:08  SCV x2, Marine  
  49  4:10  Supply Depot  
  49  4:12  Marine  
  49  4:14  Marine  
  51  4:17  Marine  
  51  4:20  SCV x2  
  51  4:22  Supply Depot  
  54  4:27  Marine  
  54  4:31  Supply Depot  
  55  4:32  SCV x2  
  55  4:36  Marine x2  
  59  4:44  SCV x2  
  61  4:48  Marine x2, Medivac x2  
  67  4:57  Marine  
  67  4:58  SCV  
  69  5:02  Command Center  
  69  5:04  SCV  
  69  5:05  Barracks Reactor  
  70  5:07  Marine x2  
  70  5:10  SCV  
  70  5:12  Refinery  
  73  5:15  Refinery  
  73  5:18  Medivac  
  73  5:20  Medivac  
  77  5:26  Marine  
  77  5:27  Marine  
  77  5:28  SCV x2  
  80  5:35  Engineering Bay  
  80  5:36  Factory Reactor  
  80  5:37  Marine  
  80  5:38  Engineering Bay  
  80  5:40  SCV  
  80  5:41  SCV  
  80  5:42  Marine  
  84  5:44  Marine  
  84  5:45  Marine  
  86  5:55  Marine  
  86  6:13  Supply Depot, SCV  
  86  6:14  Marauder, Marine x4  
  86  6:15  Supply Depot  
Show
View Real Time Build Order
Export as new Build Order

ApocalypseX Zerg 

Build Orders: Hatch First 

Get SALT Encoding   

  12  0:00  Drone  
  13  0:12  Overlord  
  13  0:17  Drone  
  14  0:30  Drone x2  
  14  0:34  Drone  
  17  0:54  Hatchery  
  17  0:56  Drone  
  17  1:02  Drone, Extractor  
  17  1:15  Spawning Pool  
  16  1:18  Drone  
  17  1:27  Drone  
  17  1:30  Drone  
  19  1:40  Drone  
  20  1:50  Overlord  
  20  2:02  Queen  
  20  2:05  Queen  
  20  2:07  Metabolic Boost  
  24  2:09  Zergling x2  
  24  2:14  Zergling x2  
  26  2:24  Extractor  
  26  2:25  Spine Crawler  
  26  2:28  Spine Crawler  
  23  2:32  Extractor  
  26  2:52  Drone x4  
  26  2:53  Drone x2  
  30  3:06  Zergling x4  
  32  3:14  Overlord  
  32  3:15  Hatchery  
  32  3:17  Overlord  
  30  3:35  Drone  
  30  3:36  Drone x6  
  37  3:41  Lair  
  37  3:43  Extractor  
  37  3:47  Drone  
  37  3:51  Evolution Chamber  
  37  3:55  Evolution Chamber  
  35  4:02  Drone x2  
  36  4:03  Drone x3  
  39  4:14  Overlord x2  
  39  4:16  Drone x2  
  41  4:18  Zerg Melee Weapons Level 1  
  41  4:29  Drone x5  
  41  4:30  Drone  
  47  4:32  Extractor  
  47  4:33  Extractor  
  45  4:40  Zerg Ground Armor Level 1  
  45  4:42  Queen  
  47  4:58  Zergling x12  
  47  4:59  Baneling Nest  
  52  5:02  Zergling x4  
  54  5:13  Drone x2  
  56  5:15  Drone x3  
  59  5:24  Extractor  
  59  5:29  Zergling x2  
  59  5:30  Zergling x10  
  65  5:42  Overlord x2  
  65  5:48  Baneling x2  
  65  5:49  Baneling x3  
  65  5:54  Queen  
  63  6:04  Zergling x2  
  63  6:06  Zergling x2  
  63  6:07  Zergling x24  
  71  6:15  Zergling x8  
  72  6:23  Infestation Pit  
Tags
 
Add a new tag
Caveats
  • Supply blocks, unpowered buildings, or Contaminate may cause inaccurate times.
  • Supply counts are checked every 10 seconds.